 Dungeon Sprint DCSS version 0.30.1-4-g462c640d31 (webtiles) character file.

Game seed: 9169714887260379667

606 Heoruswealwe the Cleaver (level 7, 0/72 HPs)
             Began as a Hill Orc Fighter on Sept 15, 2023.
             Was a Follower of the Shining One.
             Slain by a centaur warrior (3 damage)
             ... in the Dungeon (Sprint I: "Red Sonja").
             The game lasted 00:03:48 (504 turns).

Heoruswealwe the Cleaver (Hill Orc Fighter)          Turns: 504, Time: 00:03:49

Health: 0/72       AC:  8    Str: 21    XL:     7   Next: 42%
Magic:  7/7        EV:  9    Int:  8    God:    the Shining One [*.....]
Gold:   405        SH:  6    Dex: 10    Spells: 6/6 levels left

rFire   . . .        a - +0 war axe
rCold   . . .        d - +0 buckler
rNeg    . . .        c - +0 scale mail
rPois   .            (no helmet)
rElec   .            (no cloak)
rCorr   .            (no gloves)
SInv    .            (no boots)
Will    .....        (no amulet) Stlth
                     (no ring)
HPRegen 0.32/turn    (no ring)
MPRegen 0.10/turn

%: no teleportation
@: mighty, hasted, glowing, very quick
A: no striking features
a: Renounce Religion, Divine Shield


You were in the Dungeon.
You worshipped the Shining One.
The Shining One was aware of your devotion.
You visited 1 branch You collected 405 gold pieces.

Inventory:

Hand Weapons
 a - a +0 war axe (weapon)
Armour
 c - a +0 scale mail (worn)
 d - a +0 buckler (worn)
Wands
 k - a wand of iceblast (5)
Scrolls
 e - a scroll of poison {unknown}
 j - a scroll of blinking
Potions
 i - a potion of berserk rage


   Skills:
 + Level 10.1 Fighting
 + Level 10.5 Axes
 + Level 9.2 Armour
 + Level 9.2 Shields


You had 6 spell levels left.
You didn't know any spells.
Your spell library contained the following spells:

 Spells                   Type           Power      Damage    Failure   Level
 Olgreb's Toxic Radiance  Pois           0%         N/A       100%        4
 Discord                  Hex            0%         N/A       100%        8
 Ignition                 Fire           0%         3d3       100%        8


Dungeon Overview and Level Annotations

Branches:
Dungeon (1/1)

Altars:
Cheibriados
Dithmenos
Elyvilon
Fedhas
Gozag
Hepliaklqana
Kikubaaqudgha
Makhleb
Nemelex Xobeh
Okawaru
Qazlal
Ru
Sif Muna
Trog
Uskayaw
Vehumet
Wu Jian
Xom
Yredelemnul
Zin
The Shining One
Jiyva
Lugonu

Shops:
D ?


Message History

The centaur warrior shouts! x2
The centaur warrior wields a +0 longbow.
The centaur warrior shoots an arrow.
The arrow hits you.
The centaur warrior wields a +0 longbow.
The centaur warrior shoots an arrow.
The arrow hits you!
The centaur warrior shoots an arrow.
The arrow hits you!!
The centaur warrior shoots an arrow.
You block the arrow.
The centaur warrior unwields a +0 longbow.
The centaur warrior hits you.
The centaur warrior kicks you but does no damage.
The centaur warrior unwields a +0 longbow.
The centaur warrior closely misses you.
The centaur warrior kicks you but does no damage.
The centaur warrior closely misses you.
The centaur warrior kicks you but does no damage.
You block the centaur warrior's attack.
The centaur warrior kicks you but does no damage.
The centaur warrior hits you but does no damage.
The centaur warrior kicks you.
* * * LOW HITPOINT WARNING * * *
You feel very mighty all of a sudden. The centaur warrior closely misses you.
The centaur warrior kicks you but does no damage.
The centaur warrior hits you!
* * * LOW HITPOINT WARNING * * *
You block the centaur warrior's attack.
You feel yourself speed up. The centaur warrior closely misses you.
The centaur warrior completely misses you.
The centaur warrior hits you but does no damage.
You block the centaur warrior's attack. The centaur warrior barely misses you.
The centaur warrior kicks you.
* * * LOW HITPOINT WARNING * * *
You block the centaur warrior's attack.
The centaur warrior kicks you but does no damage.
You hit the centaur warrior.
The centaur warrior is lightly wounded.
You slash the centaur warrior! The centaur warrior hits you!
* * * LOW HITPOINT WARNING * * *
You block the centaur warrior's attack. The centaur warrior hits you.
You die...

###################
#..)..#.)'..#__#..+
'!.#..'..#..'..'..#
#####'#####'#__####
####..#...#.####§(#
#__####..##.#~§§§c#
#_____##'#_.'~§§@§+
#_.∩...†..._#~§§§c#
#_..__##_.#'##+####
#_____###+#)#
####### ###


You could see 2 centaur warriors.

Vanquished Creatures
  A slime creature (D)
  Sigmund (D)
  A yak (D)
  An ogre (D)
  A jelly (D)
  Ijyb (D)
6 creatures vanquished.

Notes
Turn   | Place    | Note
-------+----------+-------------------------------------------
     0 | D        | Heoruswealwe the Hill Orc Fighter began the quest for the
                  | Orb.
     0 | D        | Reached XP level 1. HP: 19/19 MP: 1/1
     1 | D        | Noticed Ijyb
    12 | D        | Killed Ijyb
    13 | D        | Reached skill level 5 in Fighting
    13 | D        | Reached XP level 2. HP: 16/29 MP: 2/2
    13 | D        | Reached XP level 3. HP: 20/36 MP: 3/3
    72 | D        | Noticed an ogre
    80 | D        | Killed an ogre
    81 | D        | Reached XP level 4. HP: 34/45 MP: 4/4
   119 | D        | Noticed Sigmund
   142 | D        | Killed Sigmund
   143 | D        | Reached XP level 5. HP: 31/55 MP: 5/5
   143 | D        | Reached XP level 6. HP: 35/62 MP: 6/6
   233 | D        | Found an ornate altar of the Wu Jian Council.
   233 | D        | Found a shimmering blue altar of Sif Muna.
   235 | D        | Found a radiant altar of Vehumet.
   293 | D        | Found Weuboc's Magic Scroll Emporium.
   293 | D        | Found an ancient bone altar of Kikubaaqudgha.
   293 | D        | Found a hazy altar of Hepliaklqana.
   293 | D        | Found a stormy altar of Qazlal.
   293 | D        | Found a hide-covered altar of Uskayaw.
   293 | D        | Found a blossoming altar of Fedhas.
   293 | D        | Found a bloodstained altar of Trog.
   293 | D        | Found an iron altar of Okawaru.
   293 | D        | Found a basalt altar of Yredelemnul.
   293 | D        | Found a glowing golden altar of the Shining One.
   293 | D        | Found a snail-covered altar of Cheibriados.
   293 | D        | Found a sacrificial altar of Ru.
   293 | D        | Found a glowing silver altar of Zin.
   293 | D        | Found a shadowy altar of Dithmenos.
   293 | D        | Found a white marble altar of Elyvilon.
   293 | D        | Noticed a yak
   304 | D        | Killed a yak
   305 | D        | Reached XP level 7. HP: 47/70 MP: 7/7
   378 | D        | Found an opulent altar of Gozag.
   379 | D        | Found a sparkling altar of Nemelex Xobeh.
   385 | D        | Became a worshipper of the Shining One
   399 | D        | Found a burning altar of Makhleb.
   399 | D        | Found a viscous altar of Jiyva.
   399 | D        | Found a shimmering altar of Xom.
   399 | D        | Found a corrupted altar of Lugonu.
   399 | D        | Noticed a slime creature
   409 | D        | Killed a slime creature
   410 | D        | Reached skill level 10 in Fighting
   410 | D        | Reached skill level 10 in Axes
   496 | D        | Noticed a centaur warrior
   496 | D        | Noticed a centaur warrior
   496 | D        | Reached * piety under the Shining One
   504 | D        | HP: 3/72 [centaur warrior (8)]
   504 | D        | Slain by a centaur warrior

Illustrated notes

Levels and vault maps discovered:
D:        dungeon_sprint_1 [red_sonja_temple_1, red_sonja_temple_small_1]

Skill      XL: |  1  2  3  4  5  6  7 |
---------------+----------------------+-----
Fighting       | 5 6 8 9 10 | 10.1
Axes           | 4 6 8 9 10 | 10.5
Armour         | 4 6 7 8 9 |  9.2
Shields        | 4 6 7 8 9 |  9.2

Action                     |  1- 3 |  4- 6 |  7- 9 || total
---------------------------+-------+-------+-------++-------
  Melee: War axe           |    17 |    29 |    10 ||    56
    Use: Potion            |       |     2 |     2 ||     4
 Armour: Scale mail        |     5 |     5 |     8 ||    18
  Dodge: Dodged            |     7 |     6 |     9 ||    22
  Block: Buckler           |     2 |     6 |     8 ||    16
